 Dungeon Crawl Stone Soup version 0.30-b1-2-g02819fbbbe (webtiles) character file.

Game seed: 576350397433125392

24966 Turgor the Geomancer (level 13, -4/80 HPs)
             Began as a Gargoyle Earth Elementalist on May 11, 2023.
             Was an Initiate of Gozag.
             Slain by a bone dragon (16 damage)
             ... on level 4 of the Abyss on May 12, 2023.
             The game lasted 01:30:25 (16655 turns).

Turgor the Geomancer (Gargoyle Earth Elementalist) Turns: 16655, Time: 01:30:26

Health: -4/80      AC: 17    Str: 13      XL:     13   Next: 16%
Magic:  16/25      EV: 13    Int: 18 (20) God:    Gozag
Gold:   429        SH:  0    Dex:  9 (10) Spells: 17/28 levels left

rFire   + + .        E - +3 broad axe
rCold   x . .        (no shield)
rNeg    + . .        j - +2 robe {rF+}
rPois   ∞            (no helmet)
rElec   +            T - +1 cloak
rCorr   .            z - +0 pair of gloves
SInv    .            (no boots)
Will    .....        F - amulet of regeneration
Stlth   ++           B - ring of protection from fire
HPRegen 1.13/turn    n - ring of protection from cold
MPRegen 0.19/turn

%: no passive effects
@: no status effects
A: sickness immunity, AC +9, negative energy resistance 1, electricity
resistance, torment resistance 1, petrification resistance, [screaming 1], [no
potion heal 2], [cold vulnerability 2], [subdued magic 3]
a: Renounce Religion, Potion Petition, Call Merchant, Bribe Branch


You were on level 4 of the Abyss.
You worshipped Gozag.
Gozag was aware of your devotion.
You visited 3 branches of the dungeon, and saw 15 of its levels.
You visited the Abyss 1 time.
You also visited: Bailey and Volcano.

You collected 2460 gold pieces.
You paid 2031 gold pieces to Gozag.

Inventory:

Hand Weapons
 E - a +3 broad axe (weapon)
 I - a +2 lajatang of electrocution
Missiles
 L - 20 boomerangs (quivered)
 O - 34 poisoned darts
 Y - 2 curare-tipped darts
Armour
 f - a +0 leather armour of positive energy
 j - a +2 robe of fire resistance (worn)
 z - a +0 pair of gloves (worn)
 T - a +1 cloak (worn)
Magical Staves
 Q - a staff of earth
Jewellery
 a - a ring of see invisible
 n - a ring of protection from cold (right hand)
 w - a ring of flight
 B - a ring of protection from fire (left hand)
 F - an amulet of regeneration (around neck)
 G - an amulet of reflection
Wands
 r - a wand of mindburst (4)
 D - a wand of polymorph (2)
 K - a wand of charming (13)
 V - a wand of roots (3)
Scrolls
 g - 3 scrolls of immolation
 h - 2 scrolls of fog
 m - 2 scrolls of brand weapon
 o - a scroll of acquirement {unknown}
 v - 2 scrolls of fear
 y - 3 scrolls of magic mapping {unknown}
 A - 3 scrolls of amnesia {unknown}
 S - a scroll of enchant weapon {unknown}
 U - a scroll of torment {unknown}
 X - 3 scrolls of noise {unknown}
 Z - a scroll of enchant armour {unknown}
Potions
 b - a potion of magic
 i - 10 potions of curing
 k - 2 potions of flight
 l - 5 potions of berserk rage
 p - 4 potions of might
 q - a potion of lignification
 s - 3 potions of heal wounds
 t - 4 potions of attraction
 u - 2 potions of mutation
 N - a potion of brilliance {unknown}


   Skills:
 + Level 9.3 Fighting
 + Level 4.6(5.9) Axes
 - Level 5.5(6.8) Polearms
 + Level 3.6(5.3) Staves
 - Level 6.0 Armour
 - Level 6.0 Dodging
 - Level 3.0 Stealth
 - Level 8.3 Spellcasting
 - Level 6.0 Conjurations
 + Level 4.3 Transmutations
 - Level 3.0 Air Magic
 - Level 12.0 Earth Magic
 - Level 3.0 Poison Magic


You had 17 spell levels left.
You knew the following spells:

 Your Spells              Type           Power      Damage    Failure   Level
a - Sandblast             Erth           52%        2d12      0%          1
b - Stone Arrow           Conj/Erth      42%        3d9       1%          3
c - Mephitic Cloud        Conj/Pois/Air  11%        N/A       2%          3
d - Petrify               Tmut/Erth      19%        N/A       1%          4

Your spell library contained the following spells:

 Spells                   Type           Power      Damage    Failure   Level
 Beastly Appendage        Tmut           24%        N/A       1%          1
 Shock                    Conj/Air       48%        1d6       1%          1
 Passwall                 Tmut/Erth      15%        N/A       1%          2
 Poisonous Vapours        Pois/Air       18%        N/A       1%          2
 Wereblood                Tmut           12%        N/A       1%          2
 Spider Form              Tmut/Pois      10%        N/A       2%          3
 Summon Small Mammal      Summ           12%        N/A       4%          1
 Swiftness                Air            9%         N/A       4%          3
 Airstrike                Air            4%         2d(1-17)  16%         4
 Call Canine Familiar     Summ           3%         N/A       17%         3
 Inner Flame              Hex/Fire       3%         N/A       17%         3
 Summon Guardian Golem    Hex/Summ       3%         N/A       17%         3
 Freezing Cloud           Conj/Ice/Air   4%         6-21      45%         5
 Yara's Violent Unravell  Hex/Tmut       4%         3d4       61%         5
 Enfeeble                 Hex            1%         N/A       100%        7


Dungeon Overview and Level Annotations

Branches:
Dungeon (12/15)            Temple (1/1) D:6            Lair (2/5) D:8
    Orc (0/2) D:12         Bailey (visited)         Volcano (visited)
  Swamp: Lair:2-3    Shoals: Lair:2-3     Snake: Lair:2-3    Spider: Lair:2-3

Altars:
Ashenzari
Dithmenos
Elyvilon
Fedhas
Gozag
Hepliaklqana
Kikubaaqudgha
Makhleb
Okawaru
Qazlal
Ru
Sif Muna
Trog
Uskayaw
Wu Jian
Xom
Yredelemnul
Zin
The Shining One

Shops:
D:4 *   D:12 (


Innate Abilities, Weirdness & Mutations

You are immune to sickness and miasma.
Your stone body is resilient. (AC +9)
You are immune to poison.
You resist negative energy. (rN+)
You are resistant to electric shocks. (rElec)
You are resistant to unholy torment.
You are immune to petrification.
[You occasionally shout uncontrollably at your foes.]
[Potions cannot restore your health.]
[You are very vulnerable to cold. (rC--)]
[Your spells are much easier to cast, but much less powerful.]


Message History

Press: ? - help, Shift-Dir - straight line, f/p - bone dragon
Aim: a bone dragon (moderately damaged, chance to affect: 2%)
Okay, then.
Unknown command.
Unknown command.
Casting: Petrify (mildly dangerous; 1% risk of failure)
Confirm with . or Enter, or press ? or * to list all spells.
Aiming: Stone Arrow (safe; 1% risk of failure)
Press: ? - help, Shift-Dir - straight line, f/p - bone dragon
Aim: a bone dragon (moderately damaged, 94% to hit)
The stone arrow hits the bone dragon but does no damage.
The bone dragon is moderately damaged.
Your raiju misses the raiju.
The bone dragon bites you but does no damage.
The bone dragon claws you. The bone dragon tramples you.
You stumble backwards!
Casting: Stone Arrow (safe; 1% risk of failure)
Confirm with . or Enter, or press ? or * to list all spells.
Aiming: Stone Arrow (safe; 1% risk of failure)
Press: ? - help, Shift-Dir - straight line, f/p - bone dragon
Aim: a bone dragon (lightly damaged, 94% to hit)
The stone arrow hits the bone dragon but does no damage.
The bone dragon is lightly damaged.
A small abomination comes into view.
The bone dragon bites you!
* * * LOW HITPOINT WARNING * * *
The bone dragon claws you!
* * * LOW HITPOINT WARNING * * *
The bone dragon completely misses you.
Unknown command.
Casting: Stone Arrow (safe; 1% risk of failure)
Confirm with . or Enter, or press ? or * to list all spells.
Aiming: Stone Arrow (safe; 1% risk of failure)
Press: ? - help, Shift-Dir - straight line, f/p - bone dragon
Aim: a bone dragon (lightly damaged, ally target, 94% to hit)
The stone arrow hits the bone dragon!
The bone dragon is moderately damaged.
Your raiju barely misses the small abomination.
The bone dragon bites you!
You die...
Your body crumbles into a pile of gold.

#..#.......h..........
.......... ...........
..#...h........... ..
##...x.#.....#... .
##..h###...###...#
##.....#.....#. ..
#....h.(....... ...
#.....D.....h...
#....@..........
##.....##.#.#..
##...#..#.## #
#..##..##..# #.. ..#
.# ... ... . ..~ ..~
~##~ .≈#


You could see a bone dragon (ally target), 2 raiju, a small abomination and 2
friendly raiju.

Vanquished Creatures
  A white draconian (Abyss:3)
  Snorg (D:11)
  2 vault guards (Bailey)
  A two-headed ogre (D:12)
  A boulder beetle (D:12)
  A thrashing horror (Abyss:3)
  Sonja (Lair:1)
  A soul eater (D:10)
  A sixfirhy (Abyss:3)
  3 wizards (Volcano)
  Pikel (D:7)
  A manticore (D:12)
  3 cyclopes
  2 toenail golems (Volcano)
  A black mamba (Lair:2)
  2 orange demons (D:10)
  A cane toad (Lair:1)
  A gargoyle (D:12)
  A hellion (Abyss:3)
  An unseen horror (D:12)
  An ice devil (D:10)
  A komodo dragon (Lair:1)
  3 trolls
  Prince Ribbit (Bailey)
  A raiju (Abyss:3)
  A flying skull (Abyss:3)
  4 slime creatures (D:12)
  21 yaks
  2 wraiths
  A wyvern (D:9)
  5 humans (Bailey)
  A basilisk (D:8)
  2 steam dragons
  A neqoxec (D:10)
  4 water moccasins
  An acid dragon (D:9)
  A black bear (Lair:1)
  4 orc warriors
  2 sky beasts (D:7)
  2 centaurs
  2 lemures (D:7)
  A phantom (D:4)
  4 kobold brigands
  A gnoll sergeant (D:10)
  2 scorpions
  17 bullfrogs
  4 wights (D:7)
  7 killer bees
  3 electric eels
  5 howler monkeys
  A quasit (D:10)
  9 jellies
  4 hounds
  5 orc priests
  A sleepcap (D:4)
  A small abomination (Abyss:3)
  6 orc wizards
  10 gnolls
  5 adders
  2 white imps
  An ufetubus (D:6)
  2 dart slugs (D:4)
  4 worms
  45 orcs
  12 ball pythons
  7 bats
  6 endoplasms
  2 giant cockroaches
  11 goblins
  7 hobgoblins
  2 jackals (D:4)
  28 kobolds
  3 quokkas
  5 frilled lizards
  8 rats
319 creatures vanquished.

Vanquished Creatures (collateral kills)
  2 thrashing horrors (Abyss:4)
  A killer bee (D:9)
3 creatures vanquished.

Vanquished Creatures (others)
  A gnoll (D:10)
  4 demonic plants (D:10)
  2 fungi (Lair:2)
  18 plants (D:10)
  4 starspawn tentacles (Abyss:3)
  4 toadstools (D:1)
33 creatures vanquished.

Grand Total: 355 creatures vanquished

Notes
Turn   | Place    | Note
-------+----------+-------------------------------------------
     0 | D:1      | Turgor the Gargoyle Earth Elementalist began the quest for
                  | the Orb.
     0 | D:1      | Reached XP level 1. HP: 10/10 MP: 3/3
   119 | D:1      | Reached XP level 2. HP: 16/16 MP: 1/5
   441 | D:1      | Reached skill level 4 in Earth Magic
   652 | D:1      | Reached XP level 3. HP: 20/20 MP: 4/6
   955 | D:2      | Reached skill level 1 in Fighting
  1060 | D:2      | Reached XP level 4. HP: 25/25 MP: 0/7
  2192 | D:3      | Found a broken altar of Ashenzari.
  2196 | D:3      | Saw a vision of the Swamp and the Spider Nest.
  2196 | D:3      | Noticed a demonic crawler
  2196 | D:3      | Noticed a redback
  2196 | D:3      | Noticed a pharaoh ant
  2196 | D:3      | Noticed a tarantella
  2196 | D:3      | Noticed a wolf spider
  2196 | D:3      | Noticed a swamp dragon
  2196 | D:3      | Noticed a redback
  2196 | D:3      | Noticed a tyrant leech
  2196 | D:3      | Noticed a jumping spider
  2196 | D:3      | Noticed a pharaoh ant
  2196 | D:3      | Noticed a steelbarb worm
  2196 | D:3      | Noticed a culicivora
  2196 | D:3      | Noticed a swamp dragon
  2196 | D:3      | Noticed a jumping spider
  2196 | D:3      | Noticed a redback
  2196 | D:3      | Noticed a spriggan berserker
  2197 | D:3      | Noticed a demonic crawler
  2197 | D:3      | Noticed a tarantella
  2198 | D:3      | Noticed a jumping spider
  2198 | D:3      | Noticed a tyrant leech
  2199 | D:3      | Noticed a redback
  2681 | D:4      | Noticed a scorpion
  2685 | D:4      | Killed a scorpion
  2686 | D:4      | Reached skill level 5 in Earth Magic
  2686 | D:4      | Reached XP level 5. HP: 30/30 MP: 9/9
  2686 | D:4      | Found an ancient bone altar of Kikubaaqudgha.
  2834 | D:4      | Noticed a phantom
  2836 | D:4      | Reached XP level 6. HP: 35/35 MP: 7/11
  3029 | D:4      | Reached skill level 6 in Earth Magic
  3125 | D:4      | Found Icagin Raod's Elemental Accessories.
  3272 | D:4      | Learned a level 3 spell: Stone Arrow
  3605 | D:4      | Reached XP level 7. HP: 40/40 MP: 11/13
  3644 | D:5      | Entered Level 5 of the Dungeon
  3880 | D:5      | Reached skill level 1 in Conjurations
  3907 | D:5      | Found a stormy altar of Qazlal.
  4043 | D:5      | Found a hazy altar of Hepliaklqana.
  4473 | D:6      | Found a staircase to the Ecumenical Temple.
  4484 | Temple   | Entered the Ecumenical Temple
  4518 | Temple   | Became a worshipper of Gozag Ym Sagoz the Greedy
  4589 | D:6      | Reached skill level 7 in Earth Magic
  4614 | D:6      | Reached XP level 8. HP: 40/46 MP: 12/15
  4690 | D:6      | Reached skill level 5 in Spellcasting
  5176 | D:7      | Found a white marble altar of Elyvilon.
  5238 | D:7      | Reached skill level 1 in Armour
  5486 | D:7      | Found an ornate altar of the Wu Jian Council.
  5490 | D:7      | Reached skill level 8 in Earth Magic
  5758 | D:7      | Reached XP level 9. HP: 41/52 MP: 10/17
  6071 | D:7      | Found an iron altar of Okawaru.
  6084 | D:7      | Noticed Pikel
  6170 | D:7      | Killed Pikel
  6171 | D:7      | Reached skill level 5 in Conjurations
  7080 | D:8      | Found a staircase to the Lair.
  7089 | D:8      | Reached skill level 5 in Fighting
  7089 | D:8      | Reached skill level 9 in Earth Magic
  8214 | D:8      | Found a blossoming altar of Fedhas.
  8558 | D:8      | Found a shadowy altar of Dithmenos.
  8666 | D:8      | Learned a level 3 spell: Mephitic Cloud
  8720 | D:9      | Reached skill level 1 in Air Magic
  8720 | D:9      | Reached skill level 1 in Poison Magic
  8906 | D:9      | Reached XP level 10. HP: 59/59 MP: 12/19
  9461 | D:9      | Reached skill level 10 in Earth Magic
  9911 | D:10     | Entered Level 10 of the Dungeon
  9919 | D:10     | Identified the +6 spear "Maret" {vamp, rElec rPois rF-
                  | Str+3}
 10104 | D:10     | Reached skill level 1 in Polearms
 10104 | D:10     | Noticed a soul eater
 10128 | D:10     | Noticed an orange demon
 10150 | D:10     | Killed an orange demon
 10152 | D:10     | Killed a soul eater
 10153 | D:10     | Reached XP level 11. HP: 32/65 MP: 2/21
 10378 | D:10     | Reached skill level 5 in Armour
 10455 | D:10     | Found a flagged portal.
 10463 | Bailey   | Entered a bailey
 10844 | Bailey   | Noticed a vault guard
 10885 | Bailey   | Killed a vault guard
 11020 | Bailey   | Noticed Prince Ribbit
 11024 | Bailey   | Killed Prince Ribbit
 11111 | Bailey   | Noticed a vault guard
 11125 | Bailey   | Killed a vault guard
 11126 | Bailey   | Reached skill level 11 in Earth Magic
 11484 | D:10     | Found a burning altar of Makhleb.
 11552 | D:10     | Found a shimmering altar of Xom.
 11561 | D:10     | Found a shimmering blue altar of Sif Muna.
 11768 | D:10     | Found a glowing golden altar of the Shining One.
 11788 | D:10     | Reached skill level 5 in Dodging
 12196 | D:11     | Reached skill level 1 in Axes
 12263 | D:11     | Learned a level 4 spell: Petrify
 12280 | D:11     | Reached skill level 1 in Transmutations
 12400 | D:11     | Noticed Snorg
 12419 | D:11     | Killed Snorg
 12437 | D:11     | Noticed a cyclops
 12544 | D:11     | Killed a cyclops
 12545 | D:11     | Reached XP level 12. HP: 72/72 MP: 18/23
 12690 | D:11     | Reached skill level 5 in Polearms
 13666 | D:12     | Found a staircase to the Orcish Mines.
 14027 | D:12     | Found Vubico's Antique Weapon Boutique.
 14310 | D:12     | Noticed a two-headed ogre
 14315 | D:12     | Noticed a boulder beetle
 14338 | D:12     | Killed a boulder beetle
 14338 | D:12     | Killed a two-headed ogre
 14484 | D:12     | Found a glowing golden altar of the Shining One.
 14944 | Lair:1   | Entered Level 1 of the Lair of Beasts
 15056 | Lair:1   | Noticed Sonja
 15075 | Lair:1   | Killed Sonja
 15665 | Lair:1   | Reached skill level 1 in Staves
 15948 | Lair:2   | Found a dark tunnel.
 15964 | Volcano  | Entered a volcano
 15992 | Volcano  | Reached skill level 12 in Earth Magic
 16081 | Abyss:3  | Cast into level 3 of the Abyss (a wizard)
 16187 | Abyss:3  | Noticed a white draconian
 16205 | Abyss:3  | Killed a white draconian
 16210 | Abyss:3  | Reached XP level 13. HP: 33/80 MP: 0/25
 16238 | Abyss:3  | Found a corrupted altar of Lugonu.
 16262 | Abyss:3  | Noticed a starcursed mass
 16289 | Abyss:3  | Noticed a tentacled starspawn
 16299 | Abyss:3  | Noticed a tentacled starspawn
 16368 | Abyss:3  | Found a corrupted altar of Lugonu.
 16404 | Abyss:3  | Found a corrupted altar of Lugonu.
 16404 | Abyss:3  | Noticed a bone dragon
 16432 | Abyss:3  | Noticed a bone dragon
 16471 | Abyss:3  | Noticed a rakshasa
 16518 | Abyss:3  | HP: 5/120 [thrashing horror (6)]
 16598 | Abyss:4  | Noticed a profane servitor
 16602 | Abyss:4  | Noticed a starcursed mass
 16614 | Abyss:4  | Noticed a bone dragon
 16622 | Abyss:4  | Found a corrupted altar of Lugonu.
 16655 | Abyss:4  | Slain by a bone dragon

Illustrated notes

Levels and vault maps discovered:
D:1:      ldierk_walled_garden_2, layout_rooms, grunt_decor_cap,
          hangedman_glass_teeth
D:2:      layout_loops_cross
D:3:      layout_basic, grunt_ashenzari_visionary
          [grunt_ashenzari_visionary_swamp, grunt_ashenzari_visionary_spider]
D:4:      layout_basic, kiku_gazebo_pond_becter, nicolae_elemental_shop,
          st_stairs_5
D:5:      layout_cave_pools, grunt_qazlal_clouds, mainiacjoe_overflow_alcove_2
D:6:      layout_basic, minmay_temple_entry_stoned_glass
D:7:      layout_basic, mainiacjoe_overflow_24_doors,
          nicolae_wu_jian_glorious_leap, general_overflow_altar, st_stairs_6,
          serial_park_tiny_2, uniq_pikel
D:8:      layout_loops_corners, fedhas_altar_fruit_tree, lemuel_round_altar,
          lair_entry_dummy
D:9:      layout_loops_ring
D:10:     layout_layer_cave, nicolae_overflow_hidden_temple,
          mainiacjoe_overflow_six_doors_small, mainiacjoe_overflow_big_doors,
          serial_demonic, serial_demonic_g, serial_demonic_e, serial_demonic_c,
          serial_demonic_b, serial_demonic_d, serial_demonic_d, enter_bailey_2,
          serial_bayou_lake_a
D:11:     layout_loops_ring, nicolae_kite_square_tiling_tiny, uniq_snorg
D:12:     layout_gridville, david_orc_2, serial_shops, shop,
          chequers_serial_rivers_micro_b, nicolae_tso_carved_into_rock
Temple:   hellmonk_temple_forest_ring
Lair:1:   layout_regular_city, uniq_sonja
Lair:2:   layout_misc_corridors, swamp_mist, lightli_volcano_entry_magma_tube
Abyss:4:  base: D:1, gammafunk_abyss_rune_reverse_zot, hangedman_decor_riveting,
          evilmike_abyss_exit_10, hangedman_abyss_or_decor_stabs,
          dshaligram_kb_abyss_rune_zappy_water_cross
Volcano:  volcano_bunker

Skill      XL: |  1  2  3  4  5  6  7  8  9 10 11 12 13 |
---------------+----------------------------------------+-----
Earth Magic    | 4 5 6 7 8 9 10 11 12 | 12.0
Fighting       | 1 2 3 4 5 6 7 8 9 |  9.3
Dodging        | 2 3 4 5 6 |  6.0
Stealth        | 3 |  3.0
Spellcasting   | 3 4 5 6 7 8 |  8.3
Conjurations   | 2 4 6 |  6.0
Armour         | 1 3 4 6 |  6.0
Air Magic      | 1 3 |  3.0
Poison Magic   | 1 3 |  3.0
Polearms       | 2 4 5 |  5.5
Axes           | 1 4 |  4.6
Transmutations | 1 3 4 |  4.3
Staves         | 2 3 |  3.6

Action                     |  1- 3 |  4- 6 |  7- 9 | 10-12 | 13-15 || total
---------------------------+-------+-------+-------+-------+-------++-------
  Melee: Dagger            |    16 |     7 |    55 |    58 |       ||   136
         Punch             |       |       |     1 |     3 |       ||     4
         Spear             |       |       |       |   328 |       ||   328
         Lajatang          |       |       |       |    61 |    12 ||    73
         Broad axe         |       |       |       |       |    32 ||    32
  Throw: Dart              |       |       |       |    50 |       ||    50
         Throwing net      |       |       |       |     1 |     1 ||     2
   Cast: Sandblast         |    49 |    97 |    97 |     1 |       ||   244
         Stone Arrow       |       |       |    70 |    99 |    12 ||   181
         Mephitic Cloud    |       |       |       |    82 |       ||    82
 Invoke: Potion Petition   |       |       |       |     1 |     3 ||     4
  Evoke: Wand              |       |     4 |     5 |    37 |       ||    46
    Use: Scroll            |       |     8 |     7 |     5 |    13 ||    33
         Potion            |       |       |       |     1 |     6 ||     7
   Stab: Confused          |       |       |       |    32 |       ||    32
         Distracted        |       |       |       |     1 |       ||     1
         Sleeping          |       |       |       |     3 |       ||     3
 Armour: Robe              |     3 |       |       |     9 |    42 ||    54
         Leather armour    |    14 |    14 |    53 |   124 |       ||   205
  Dodge: Dodged            |    18 |    19 |    80 |   227 |    52 ||   396
